 Dungeon Crawl Stone Soup version 0.23.1-37-gaa34b87 (webtiles) character file.

Game seed: 15865619683644850003

217 Iflex the Poker (level 5, -11/41 HPs)
             Began as a Merfolk Gladiator on Mar 20, 2019.
             Killed by nerve-wracking pain
             ... invoked by Grinder
              (12 damage)
             ... while paralysed by Grinder
             ... on level 3 of the Dungeon on Mar 21, 2019.
             The game lasted 00:04:48 (2042 turns).

Iflex the Poker (Merfolk Gladiator)                 Turns: 2042, Time: 00:04:48

Health: -11/41     AC:  4    Str: 16    XL:     5   Next: 94%
Magic:  5/5        EV:  2    Int:  7    God:
Gold:   81         SH:  0    Dex: 15    Spells: 4/4 levels left

rFire    . . .     SeeInvis .   a - +0 trident
rCold    . . .     Gourm    .   (no shield)
rNeg     . . .     Faith    .   b - +0 leather armour
rPois    .         Spirit   .   c - +0 helmet
rElec    .         Reflect  .   (no cloak)
rCorr    .         Harm     .   (no gloves)
MR       .....                  (no boots)
Stlth    +.........             (no amulet)
HPRegen  0.13/turn              (no ring)
MPRegen  0.09/turn              (no ring)

@: paralysed
A: change form in water, swift swim, stealthy swim
a: no special abilities


You were on level 3 of the Dungeon.
You were not hungry.

You visited 1 branch of the dungeon, and saw 3 of its levels.

You collected 81 gold pieces.

Inventory:

Hand Weapons
 a - a +0 trident (weapon)
 o - a +0 scythe
Armour
 b - a +0 leather armour (worn)
 c - a +0 helmet (worn)
Scrolls
 e - a scroll of fog {unknown}
 g - 5 scrolls of identify {unknown}
 i - a scroll of blinking {unknown}
 l - 2 scrolls of teleportation {unknown}
 m - 2 scrolls of magic mapping {unknown}
 n - 2 scrolls of remove curse {unknown}
Potions
 h - 2 potions of heal wounds {unknown}
 j - a potion of invisibility {unknown}
 k - a potion of agility {unknown}
Comestibles
 f - 5 rations


   Skills:
 + Level 3.0 Fighting
 * Level 7.6 Polearms
 + Level 2.2 Throwing
 + Level 1.0 Armour
 + Level 4.7 Dodging
 + Level 0.9 Stealth


You had 4 spell levels left.
You didn't know any spells.
Your spell library was empty.

Dungeon Overview and Level Annotations

Branches:
Dungeon (3/15)

Altars:

Annotations:
D:3 Grinder


Message History

The goblin closely misses you. Grinder gestures at you.
You suddenly lose the ability to move!
The goblin hits you. x2; Grinder hits you.
The goblin hits you but does no damage. x2
Grinder gestures at you.
You shrug off the repeated paralysis!
The goblin hits you. The goblin hits you but does no damage. Grinder hits you.
You writhe in agony.
The goblin hits you. The goblin hits you but does no damage.
Grinder says, "You look like you could use a good racking."
Grinder gestures at you. Pain shoots through your body!
* * * LOW HITPOINT WARNING * * *
The goblin hits you.
* * * LOW HITPOINT WARNING * * *
The goblin hits you but does no damage. Grinder gestures at you.
Pain shoots through your body!
You die...

...>...........## #.
...######......## # . .#
#......## #.#. ##
#......... ..## ##.
.....#.<..# . #...#..
..######.... ...#.#...
.. #.>.....#
......g5########.#####..
#g@.........# #.<
#....########### ###
....... .W$...$ ###....
####. .. #.


You could see Grinder, a phantom (wandering) and 2 goblins.

Vanquished Creatures
  Sigmund (D:2)
  An adder (D:2)
  An ooze (D:1)
  2 worms (D:2)
  A leopard gecko (D:2)
  2 orcs (D:3)
  2 ball pythons (D:2)
  2 giant cockroaches (D:1)
  A goblin (D:1)
  8 hobgoblins
  2 jackals (D:2)
  6 bats
  2 frilled lizards
  9 kobolds
  10 rats
50 creatures vanquished.

Notes
Turn   | Place    | Note
-------+----------+-------------------------------------------
     0 | D:1      | Iflex the Merfolk Gladiator began the quest for the Orb.
     0 | D:1      | Reached XP level 1. HP: 16/16 MP: 1/1
   272 | D:1      | Reached XP level 2. HP: 20/22 MP: 2/2
   645 | D:1      | Reached XP level 3. HP: 26/27 MP: 3/3
   840 | D:2      | Reached skill level 5 in Polearms
  1173 | D:2      | Noticed Sigmund
  1198 | D:2      | Killed Sigmund
  1198 | D:2      | Reached skill level 7 in Polearms
  1198 | D:2      | Reached skill level 1 in Armour
  1198 | D:2      | Reached XP level 4. HP: 27/35 MP: 4/4
  1198 | D:2      | Reached XP level 5. HP: 32/41 MP: 5/5
  1214 | D:2      | Found a faded altar of an unknown god.
  2023 | D:3      | Noticed Grinder
  2029 | D:3      | Noticed a phantom
  2037 | D:3      | Paralysed by Grinder for 6 turns
  2042 | D:3      | HP: 1/41 [goblin (2)]
  2042 | D:3      | Killed from afar by Grinder

Skill      XL: |  1  2  3 |
---------------+----------+-----
Polearms       | 7 |  7.6
Fighting       | 3 |  3.0
Armour         | 1 |  1.0
Throwing       | |  2.2
Dodging        | |  4.7
Stealth        | |  0.9

Action                   |  1- 3 |  4- 6 || total
-------------------------+-------+-------++-------
Melee: Trident           |   125 |    60 ||   185
       Tailslap          |       |     2 ||     2
Throw: Throwing net      |     3 |     1 ||     4
 Stab: Sleeping          |     2 |     2 ||     4
       Held in net/web   |       |     2 ||     2
  Eat: Chunk             |       |     2 ||     2
       Ration            |       |     1 ||     1
Armor: Leather armour    |    20 |    15 ||    35
Dodge: Dodged            |    56 |    44 ||   100
